 Dungeon Crawl Stone Soup version 0.32-a0-779-g362cfcae2a (webtiles) character file.

Game seed: 11261822334139310976

22 Griffin23 the Shield-Bearer (level 2, -15/27 HPs)
             Began as a Minotaur Fighter on Mar 19, 2024.
             Demolished by an ogre
             ... wielding a +0 giant club
              (22 damage)
             ... on level 2 of the Dungeon.
             The game lasted 00:00:19 (333 turns).

Griffin23 the Shield-Bearer (Minotaur Fighter)       Turns: 333, Time: 00:00:20

Health: -15/27     AC:  7    Str: 20    XL:     2   Next: 68%
Magic:  1/1        EV:  8    Int:  5    God:
Gold:   20         SH:  4    Dex:  9    Spells: 1/1 levels left

rFire   . . .        a - +0 long sword
rCold   . . .        c - +0 buckler
rNeg    . . .        b - +0 scale mail
rPois   .            (helmet restricted)
rElec   .            (no cloak)
rCorr   .            (no gloves)
SInv    .            (no boots)
Will    .....        (no amulet) Stlth
                     (no ring)
HPRegen 0.24/turn    (no ring)
MPRegen 0.07/turn

%: no passive effects
@: no status effects
A: horns 2, retaliatory headbutt
a: no special abilities


You were on level 2 of the Dungeon.
You visited 1 branch of the dungeon, and saw 2 of its levels.

You collected 20 gold pieces.

Inventory:

Hand Weapons
 a - a +0 long sword (weapon)
Armour
 b - a +0 scale mail (worn)
 c - a +0 buckler (worn)
Scrolls
 f - a scroll of vulnerability {unknown}
 g - 2 scrolls of identify {unknown}
 h - a scroll of brand weapon {unknown}
Potions
 d - a potion of might
 e - a potion of brilliance {unknown}
 i - a potion of berserk rage {unknown}


   Skills:
 + Level 4.0 Fighting
 + Level 2.9 Long Blades
 + Level 4.0 Armour
 + Level 4.0 Shields


You had one spell level left.
You didn't know any spells.
Your spell library was empty.

Dungeon Overview and Level Annotations

Branches:
Dungeon (2/15)

Altars:


Innate Abilities, Weirdness & Mutations

You have a pair of horns on your head.
You reflexively headbutt those who attack you in melee.


Message History

A bat is nearby!
A bat is nearby!
The bat completely misses you. The bat barely misses you.
A bat is nearby!
You slash the bat!
You kill the bat!
You see here a bat corpse.
Key pressed, stopping explore.
No target in view!
No target in view!
You see here a staff of alchemy.
A kobold comes into view. It is wielding a +0 short sword.
The kobold shouts!
You hit the kobold.
You kill the kobold!
Your Fighting skill increases to level 4!
Your Armour skill increases to level 4!
An ogre comes into view. It is wielding a +0 giant club.
The ogre shouts!
An ogre is nearby!
An ogre is nearby!
You hit the ogre.
The ogre is lightly wounded.
The ogre hits you with a +0 giant club!!
Ouch! That really hurt!
* * * LOW HITPOINT WARNING * * *
An ogre is nearby!
You are too injured to fight recklessly!
An ogre is nearby!
You are too injured to fight recklessly!
An ogre is nearby!
You are too injured to fight recklessly!
You hit the ogre but do no damage. Your headbutt misses the ogre.
The ogre is lightly wounded.
You block the ogre's attack.
You hit the ogre.
The ogre is lightly wounded.
The ogre hits you with a +0 giant club!!
Ouch! That really hurt!
You die...

#.# #.# #.# #.#
####.# ..##.#
#.##O# #.##@#
#.##.# ##....#
##+########..####
#......#.....#
#........###.#
##.......## #.#
..#+###..# #.#
#.#.###.## #.#


You could see an ogre.

Vanquished Creatures
  An adder (D:2)
  A ribbon worm (D:2)
  A hobgoblin (D:2)
  4 jackals (D:1)
  A kobold (D:2)
  2 ball pythons (D:2)
  A bat (D:2)
11 creatures vanquished.

Notes
Turn   | Place    | Note
-------+----------+-------------------------------------------
     0 | D:1      | Griffin23 the Minotaur Fighter began the quest for the Orb.
     0 | D:1      | Reached XP level 1. HP: 19/19 MP: 0/0
    44 | D:1      | You fall into a shaft and drop 1 floor!
    97 | D:2      | Reached XP level 2. HP: 21/27 MP: 1/1
   328 | D:2      | Noticed an ogre
   333 | D:2      | Demolished by an ogre

Illustrated notes

Levels and vault maps discovered:
D:1:      wander_arrival_lonely_grave, layout_basic, glass_columns_a
D:2:      layout_basic, shapermc_ecumenical_altar_mp_urbaneastern

Skill      XL: |  1  2 |
---------------+-------+-----
Shields        | 4 |  4.0
Fighting       | 4 |  4.0
Armour         | 4 |  4.0
Long Blades    | |  2.9

Action                     || total
---------------------------++-------
  Melee: Long sword        ||    29
         Headbutt          ||     2
 Armour: Scale mail        ||    31
  Dodge: Dodged            ||    28
  Block: Buckler           ||     7

Table legend: (Time is in decaauts)
 A = Elapsed time spent in this place.
 B = Non-inter-level travel time spent in this place.
 C = Inter-level travel time spent in this place.
 D = Time resting spent in this place.
 E = Time spent auto-exploring this place.
 F = Levels seen in this place.
 G = Mean time per level.
                   A        B        C        D        E       F      G
               +--------+--------+--------+--------+--------+-----+--------+
         Total |    340 |    340 |      0 |      0 |    260 |   2 |  170.0 |
       Dungeon |    340 |    340 |      0 |      0 |    260 |   2 |  170.0 |
               +--------+--------+--------+--------+--------+-----+--------+

Top non-repeatable levels by time:
     D:2: 293 daAuts
     D:1: 47 daAuts
